 Dungeon Crawl Stone Soup version 0.29-a0-598-gd8304a5bf4 (webtiles) character file.

Game seed: 12058544226961345475

2 bande the Covered (level 1, -1/14 HPs)
             Began as a Gargoyle Fighter on June 15, 2022.
             Slain by a gnoll
             ... wielding a +0 spear
              (6 damage)
             ... on level 1 of the Dungeon.
             The game lasted 00:00:06 (62 turns).

bande the Covered (Gargoyle Fighter)                  Turns: 62, Time: 00:00:06

Health: -1/14      AC:  9    Str: 19    XL:     1   Next: 30%
Magic:  1/1        EV:  6    Int:  8    God:
Gold:   11         SH:  4    Dex:  9    Spells: 0/0 levels left

rFire   . . .      SeeInvis .   a - +0 war axe
rCold   . . .      Faith    .   c - +0 buckler
rNeg    + . .      Spirit   .   b - +0 scale mail
rPois   ∞          Reflect  .   (no helmet)
rElec   +          Harm     .   (no cloak)
rCorr   .          Rampage  .   (no gloves)
Will    .....                   (no boots)
Stlth   ..........              (no amulet)
HPRegen 0.04/turn               (no ring)
MPRegen 0.07/turn               (no ring)

@: constricted
A: sickness immunity, AC +2, negative energy resistance 1, electricity
resistance, torment resistance 1, petrification resistance
a: no special abilities


You were on level 1 of the Dungeon.
You visited 1 branch of the dungeon, and saw 1 of its levels.

You collected 11 gold pieces.

Inventory:

Hand Weapons
 a - a +0 war axe (weapon)
Armour
 b - a +0 scale mail (worn)
 c - a +0 buckler (worn)
Potions
 d - a potion of might


   Skills:
 + Level 3.3 Fighting
 + Level 1.7 Axes
 + Level 3.3 Armour
 + Level 3.3 Shields


You couldn't memorise any spells.
You didn't know any spells.
Your spell library was empty.

Dungeon Overview and Level Annotations

Branches:
Dungeon (1/15)

Altars:


Innate Abilities, Weirdness & Mutations

You are immune to sickness and miasma.
Your stone body is resilient. (AC +2)
You are immune to poison.
You resist negative energy. (rN+)
You are resistant to electric shocks. (rElec)
You are resistant to unholy torment.
You are immune to petrification.


Message History

No target in view!
No target in view!
No target in view!
A gnoll comes into view. It is wielding a +0 spear.
The gnoll shouts!
An endoplasm comes into view.
A ball python comes into view.
You see here a scroll labelled YGYROTSIHEB.
There are monsters nearby!
The ball python hisses angrily.
The endoplasm quivers.
The endoplasm closely misses you. The gnoll barely misses you.
You hit the endoplasm.
The endoplasm is almost dead.
The endoplasm hits you but does no damage.
The gnoll hits you but does no damage.
You barely miss the endoplasm.
The endoplasm is almost dead.
The endoplasm hits you but does no damage.
The gnoll barely misses you. The gnoll hits you but does no damage.
The endoplasm freezes you.
You are frozen.
You slash the endoplasm!
You kill the endoplasm!
The gnoll barely misses you. The ball python closely misses you.
The ball python grabs you. The ball python constricts you.
You barely miss the ball python. The ball python bites you.
The ball python constricts you.
The gnoll hits you from afar with a +0 spear.
The ball python bites you. The ball python constricts you.
The gnoll closely misses you.
You closely miss the ball python. The ball python completely misses you.
The ball python constricts you. The gnoll barely misses you.
The ball python bites you but does no damage.
The ball python constricts you.
You barely miss the ball python.
The gnoll hits you from afar with a +0 spear.
The ball python bites you but does no damage.
The ball python constricts you.
The gnoll hits you from afar with a +0 spear.
You die...

#. .# ..#. #... #...
#..# ### .g# ....
##S##..### #.@....).#
# #$.##.$#.# #.#..#
..# # #.#.?##..#.#
#...........
.######.......#. ##
................
.#### ######..#####.#
#...###########.....#
#


You could see a gnoll and a ball python.

Vanquished Creatures
  An endoplasm (D:1)
  A ball python (D:1)
2 creatures vanquished.

Notes
Turn   | Place    | Note
-------+----------+-------------------------------------------
     0 | D:1      | bande the Gargoyle Fighter began the quest for the Orb.
     0 | D:1      | Reached XP level 1. HP: 14/14 MP: 1/1
    62 | D:1      | Slain by a gnoll

Illustrated notes

Levels and vault maps discovered:
D:1:      dpeg_arrival_another_circle, layout_loops_ring, minmay_misc_feat_roman

Action                   || total
-------------------------++-------
Melee: War axe           ||     9
Armor: Scale mail        ||     7
Dodge: Dodged            ||    11
Block: Buckler           ||     1

Table legend: (Time is in decaauts)
 A = Elapsed time spent in this place.
 B = Non-inter-level travel time spent in this place.
 C = Inter-level travel time spent in this place.
 D = Time resting spent in this place.
 E = Time spent auto-exploring this place.
 F = Levels seen in this place.
 G = Mean time per level.
                   A        B        C        D        E       F      G
               +--------+--------+--------+--------+--------+-----+--------+
         Total |     65 |     65 |      0 |      0 |     47 |   1 |   65.0 |
       Dungeon |     65 |     65 |      0 |      0 |     47 |   1 |   65.0 |
               +--------+--------+--------+--------+--------+-----+--------+

Top non-repeatable levels by time:
     D:1: 65 daAuts
